 Adventure DCSS version bcrawl-1.18.1 (webtiles) character file.

Game seed: 1352864967415610444

0 Leeroy the Skirmisher (level 1, -6/14 HPs)
             Began as a Skeleton Abyssal Knight on Nov 11, 2019.
             Was a Follower of Lugonu.
             Killed from afar by a starcursed mass (9 damage)
             ... with an accursed screaming
             ... on level 1 of the Abyss.
             The game lasted 00:01:27 (235 turns).

Leeroy the Skirmisher (Skeleton Abyssal Knight)      Turns: 235, Time: 00:01:28

Health: -6/14      AC:  3    Str: 18    XL:     1   Next: 0%
Magic:  0/2        EV: 11    Int: 10    God:    Lugonu [*.....]
Gold:   8          SH:  0    Dex:  8    Spells: 0/0 levels left
                                        Lives:  0   Deaths: 2

rFire    . . .     SeeInvis .   a - +1 falchion
rCold    + . .     Gourm    .   (no shield)
rNeg     + + +     Faith    .   b - +0 leather armour
rPois    ∞         Spirit   +   (no helmet)
rElec    .         Reflect  .   (no cloak)
rCorr    .         Harm     .   (no gloves)
MR       .....                  (no boots)
Stlth    +.........             (no amulet)
HPRegen  0.04/turn              (no ring)
MPRegen  0.08/turn              (no ring)

@: no status effects
A: no food or potions, cold resistance 1, deterioration 1, negative energy
resistance 3, torment resistance, unbreathing, magic shield, sturdy frame 1,
spell healing
a: Depart the Abyss, Renounce Religion


You were on level 1 of the Abyss.
You worshipped Lugonu.
Lugonu was aware of your devotion.
You were not hungry.

You visited 0 branches of the dungeon, and saw 0 of its levels.
You visited the Abyss 1 time.

You collected 8 gold pieces.

Inventory:

Hand Weapons
 a - a +1 falchion (weapon)
Missiles
 c - 184 poisoned needles
Armour
 b - a +0 leather armour (worn)
Jewellery
 d - an uncursed ring of positive energy {unknown}
Scrolls
 e - a scroll of identify {unknown}


   Skills:
 + Level 3.0 Fighting
 + Level 2.4 Long Blades
 + Level 2.1 Armour
 + Level 1.0 Dodging
 + Level 1.7 Invocations


You couldn't memorise any spells.
You didn't know any spells.
Your spell library was empty.

Dungeon Overview and Level Annotations

Branches:
Dungeon (0/12)

Altars:


Innate Abilities, Weirdness & Mutations

You do not eat or drink.
You are immune to poison.
Your flesh is cold resistant. (rC+)
Your body sometimes deteriorates upon taking damage.
You are immune to negative energy. (rN+++)
You are immune to unholy pain and torment.
You can survive without breathing.
When hurt, damage is shared between your health and your magic reserves.
Your movements are slightly less encumbered by armour. (ER -2)
Casting spells heals you.


Message History

A starspawn tentacle comes into view. 2 starspawn tentacles come into view.
A tentacle flies out from the starspawn's body!
A starspawn tentacle comes into view.
The starspawn tentacle grabs you. The starspawn tentacle constricts you.
You escape the starspawn tentacle's grasp.
A starcursed mass comes into view.
A starcursed mass splits.
The starspawn tentacle misses you.
A starcursed mass splits. x2
A chorus of shrieks assaults your mind.
A starcursed mass splits.
A starcursed mass splits.
A starcursed mass splits.
A starcursed mass splits.
The starcursed mass shrieks in your mind.
* * * LOW HITPOINT WARNING * * *
A starcursed mass is nearby!
A chorus of shrieks assaults your mind.
Ouch! That really hurt!
You die...

.. #.. ## # # # .....#
.#### # # .## #.
##...#. . ...##.. #..#
.# ... .#...... #─
...##.##. ..#.# # ##..
..##...##.#..#.#.#..#
###.#.##.X#.#.#. #X...
#.......X#...## ...#..
#.....#@#.##X###X.#.##
. #.###
#.###.....X.#.. . ...
. .X##X######
##.#####.#X #X. ... #.
X.# .## .#. ..####. ##
# ..#. #. #.# #. .#


You could see 2 starcursed masses.

Vanquished Creatures (others)
  11 starspawn tentacles (Abyss:1)
11 creatures vanquished.

Notes
Turn   | Place    | Note
-------+----------+-------------------------------------------
     0 | Abyss:1  | Leeroy the Skeleton Abyssal Knight began the quest for the
                  | Orb.
     0 | Abyss:1  | Reached XP level 1. HP: 14/14 MP: 2/2
    92 | Abyss:1  | Noticed an ancient zyme
    96 | Abyss:1  | Mangled by an ancient zyme
   173 | Abyss:1  | Noticed an Executioner
   183 | Abyss:1  | Slain by an Executioner
   184 | Abyss:1  | Found a corrupted altar of Lugonu.
   184 | Abyss:1  | Noticed a tentacled starspawn
   222 | Abyss:1  | Noticed a starcursed mass
   235 | Abyss:1  | Killed from afar by a starcursed mass

Action                   || total
-------------------------++-------
Melee: Falchion          ||     2
Armor: Leather armour    ||     1
Dodge: Dodged            ||     8
